 Dungeon Crawl Stone Soup version 0.27-a0-1591-gc56fcc985a (webtiles) character file.

Game seed: 14294810672955912588

44 bande the Covered (level 3, -6/23 HPs)
             Began as a Gargoyle Fighter on July 19, 2021.
             Mangled by a worm (7 damage)
             ... on level 2 of the Dungeon.
             The game lasted 00:03:18 (1868 turns).

bande the Covered (Gargoyle Fighter)                Turns: 1868, Time: 00:03:18

Health: -6/23      AC: 10    Str: 19    XL:     3   Next: 62%
Magic:  3/3        EV:  7    Int:  8    God:
Gold:   49         SH:  9    Dex: 10    Spells: 2/2 levels left

rFire    . . .     SeeInvis .   a - +0 war axe
rCold    . . .     Faith    .   c - +0 kite shield
rNeg     + . .     Spirit   .   b - +0 scale mail
rPois    ∞         Reflect  .   (no helmet)
rElec    +         Harm     .   (no cloak)
rCorr    .         Rampage  .   (no gloves)
Will     .....                  (no boots)
Stlth    ..........             (no amulet)
HPRegen  0.07/turn              (no ring)
MPRegen  0.08/turn              (no ring)

@: no status effects
A: sickness immunity, AC +3, negative energy resistance 1, electricity
resistance, torment resistance 1, petrification resistance
a: no special abilities


You were on level 2 of the Dungeon.
You visited 1 branch of the dungeon, and saw 2 of its levels.

You collected 49 gold pieces.

Inventory:

Hand Weapons
 a - a +0 war axe (weapon)
Armour
 b - a +0 scale mail (worn)
 c - a +0 kite shield (worn)
Jewellery
 f - a ring of wizardry
 g - a +6 ring of intelligence
Scrolls
 e - 2 scrolls of identify {unknown}
Potions
 d - a potion of might
 h - a potion of curing {unknown}


   Skills:
 + Level 3.4 Fighting
 + Level 2.2 Axes
 + Level 4.0 Armour
 + Level 0.3 Dodging
 + Level 3.7 Shields


You had 2 spell levels left.
You didn't know any spells.
Your spell library was empty.

Dungeon Overview and Level Annotations

Branches:
Dungeon (2/15)

Altars:

Shops:
D:2 !:*[


Innate Abilities, Weirdness & Mutations

You are immune to sickness and miasma.
Your stone body is resilient. (AC +3)
You are immune to poison.
You resist negative energy. (rN+)
You are resistant to electric shocks. (rElec)
You are resistant to unholy torment.
You are immune to petrification.


Message History

The bat hits you but does no damage. The worm bites you.
You barely miss the worm.
The worm is lightly wounded.
The bat hits you but does no damage. The worm bites you but does no damage.
The bat barely misses you.
You slash the worm!
The worm is severely wounded.
You closely miss the bat. You block the bat's attack. The worm bites you!
* * * LOW HITPOINT WARNING * * *
You are too injured to fight recklessly!
You are too injured to fight recklessly!
You are too injured to fight recklessly!
You are too injured to fight recklessly!
You are too injured to fight recklessly!
You are too injured to fight recklessly!
You are too injured to fight recklessly!
You are too injured to fight recklessly!
You are too injured to fight recklessly!
You are too injured to fight recklessly!
You hit the bat.
You kill the bat!
You barely miss the worm. The worm bites you.
* * * LOW HITPOINT WARNING * * *
You hit the worm.
The worm is severely wounded.
The worm bites you but does no damage.
You barely miss the worm.
The worm is severely wounded.
You block the worm's attack.
You hit the worm.
The worm is severely wounded.
You block the worm's attack.
Your scale mail prevents you from hitting the worm.
The worm is heavily wounded.
The worm bites you.
* * * LOW HITPOINT WARNING * * *
You completely miss the worm.
The worm is heavily wounded.
The worm bites you!
You die...

#.##...#.#.....
#[##.>.#.#.#...
####+#.#......#.#.##
#......#........#.#.
#............#..#.##
#####......#.....#..#...
...........#.....#..####
...........#.....#......
......)@..#########.#.#.
.......w..# ##.#...
..........# #......
.......#### #......
....... #...... .......
#...... ....... #......
....... ##+#### #...>.


You could see a worm.

Vanquished Creatures
  A gnoll (D:1)
  A dart slug (D:2)
  6 ball pythons
  5 bats
  2 endoplasms
  4 giant cockroaches
  2 goblins (D:1)
  3 hobgoblins
  2 kobolds
  A quokka (D:2)
  2 frilled lizards
  2 rats (D:1)
31 creatures vanquished.

Vanquished Creatures (others)
  A worm (D:2)
  A kobold (D:2)
  A plant (D:1)
3 creatures vanquished.

Grand Total: 34 creatures vanquished

Notes
Turn   | Place    | Note
-------+----------+-------------------------------------------
     0 | D:1      | bande the Gargoyle Fighter began the quest for the Orb.
     0 | D:1      | Reached XP level 1. HP: 14/14 MP: 1/1
   228 | D:1      | Reached XP level 2. HP: 15/19 MP: 2/2
   616 | D:1      | Reached XP level 3. HP: 17/23 MP: 3/3
  1152 | D:2      | Found Putuwnir's Armour Shoppe.
  1220 | D:2      | Found Gesair's Book Emporium.
  1251 | D:2      | Found Taikhlio's Distillery.
  1657 | D:2      | Found a faded altar of an unknown god.
  1667 | D:2      | Reached skill level 4 in Armour
  1751 | D:2      | Found Luiriy's Assorted Antiques.
  1867 | D:2      | HP: 1/23 [worm (2)]
  1868 | D:2      | Mangled by a worm

Illustrated notes

Levels and vault maps discovered:
D:1:      dpeg_arrival_simpleton_b, layout_basic, serial_forest,
          infiniplex_forest_clump_tiny, infiniplex_forest_zigzag_1,
          infiniplex_forest_clump_diagonal, infiniplex_forest_lined_corner,
          infiniplex_forest_lined_2, chequers_serial_rivers_small_b,
          solitary_fountain
D:2:      layout_basic, hellmonk_ecumenical_altar_crossroads, serial_shops,
          shop, nicolae_shop_crystal, nicolae_shop_behind_doors,
          nicolae_shop_window_shopping, lemuel_flame_loot_1

Skill      XL: |  1  2  3 |
---------------+----------+-----
Axes           | 2 |  2.2
Armour         | 4 |  4.0
Fighting       | |  3.4
Dodging        | |  0.3
Shields        | |  3.7

Action                   || total
-------------------------++-------
Melee: War axe           ||   109
Armor: Scale mail        ||    70
Dodge: Dodged            ||    45
Block: Kite shield       ||    68

Table legend: (Time is in decaauts)
 A = Elapsed time spent in this place.
 B = Non-inter-level travel time spent in this place.
 C = Inter-level travel time spent in this place.
 D = Time resting spent in this place.
 E = Time spent auto-exploring this place.
 F = Levels seen in this place.
 G = Mean time per level.
                   A        B        C        D        E       F      G
               +--------+--------+--------+--------+--------+-----+--------+
         Total |   1936 |   1936 |      0 |    273 |   1309 |   2 |  968.0 |
       Dungeon |   1936 |   1936 |      0 |    273 |   1309 |   2 |  968.0 |
               +--------+--------+--------+--------+--------+-----+--------+

Top non-repeatable levels by time:
     D:1: 1089 daAuts
     D:2: 846 daAuts
